 Dungeon Crawl Stone Soup version 0.19-a0-450-g98b348d (webtiles) character file.

177 Geppetto the Insei (level 5, -1/34 HPs)
             Began as an Octopode Transmuter on June 1, 2016.
             Slain by a wraith (14 damage)
             ... on level 4 of the Dungeon.
             The game lasted 00:23:44 (4339 turns).

Geppetto the Insei (Octopode Transmuter)            Turns: 4339, Time: 00:23:44

Health: -1/34      AC:  1    Str: 10    XL:     5   Next: 57%
Magic:  16/26      EV: 18    Int: 15    God:
Gold:   61         SH:  0    Dex: 18    Spells: 3 memorised, 2 levels left

rFire  . . .     SeeInvis .       - Unarmed
rCold  . . .     Gourm    .     (no shield)
rNeg   . . .     Faith    .     (helmet restricted)
rPois  .         Spirit   .     (no amulet)
rElec  .         Dismiss  .     f - ring of magical power
rCorr  .         Reflect  .     q - ring of magical power
SustAt .         Harm     .     (no ring)
MR     .....                    (no ring)
Stlth  +++++.....               (no ring)
                                (no ring)
                                (no ring)
                                (no ring)

@: agile, flying (expiring), very slightly contaminated, slowed, very slow, not
resistant to hostile enchantments, quite stealthy
A: almost no armour, amphibious, 8 rings, constrict 8, camouflage 1, gelatinous
body 1
a: no special abilities


You were on level 4 of the Dungeon.
You were hungry.

You visited 1 branch of the dungeon, and saw 4 of its levels.
You also visited: Ossuary.

You collected 61 gold pieces.

Inventory:

Missiles
 a - 17 arrows
Jewellery
 f - a ring of magical power (left tentacle)
 q - a ring of magical power (right tentacle)
Scrolls
 d - 2 scrolls of blinking
 m - a scroll of teleportation
Potions
 g - a potion of invisibility
 k - 2 potions of flight
Books
 b - a book of Changes

   Spells                             Type                      Level
   a - Beastly Appendage              Transmutation                1
   b - Sticks to Snakes               Transmutation                2
   c - Spider Form                    Transmutation/Poison         3
   d - Ice Form                       Ice/Transmutation            4
   e - Blade Hands                    Transmutation                5
Comestibles
 h - 2 meat rations


   Skills:
 - Level 2.0 Fighting
 - Level 2.0 Dodging
 - Level 3.1 Stealth
 * Level 4.1 Unarmed Combat
 - Level 2.0 Spellcasting
 + Level 3.7 Transmutations


You had 2 spell levels left.
You knew the following spells:

 Your Spells              Type           Power        Failure   Level  Hunger
a - Beastly Appendage     Tmut           ##....       6%          1    #......
b - Sticks to Snakes      Tmut           ##......     10%         2    ###....
c - Spider Form           Tmut/Pois      #.........   34%         3    ###....


Dungeon Overview and Level Annotations

Branches:
Dungeon (4/15)
 Temple: D:4-7

Altars:


Innate Abilities, Weirdness & Mutations

You cannot wear most types of armour.
You are amphibious.
You can wear up to eight rings at the same time.
You can use your tentacles to constrict eight enemies at once.
Your skin changes colour to match your surroundings (Stealth+).
Your rubbery body absorbs attacks. (AC +1)


Message History

The mummy barely misses your ball python.
Your ball python bites the wraith but does no damage.
The hobgoblin zombie hits your ball python.
Your ball python dies!
You continue eating.
The wraith hits your ball python.
Your ball python dies!
The wraith closely misses you.
You are starting to lose your buoyancy.
The wraith hits you. The wraith drains your vigour!
You feel as though you will be slow longer.
There is a gate leading back out of this place here.
The wraith hits you. The hobgoblin zombie misses you.
Welcome back to the Dungeon! x2
There is a collapsed entrance here.
Unknown command.
Casting: Sticks to Snakes
Confirm with . or Enter, or press ? or * to list all spells.
You create a snake!
You now have 17 arrows.
The wraith hits you!
You die...

,,,,,,,,,,............#......#...
*,****,****#..,..............#<..
*,****,######.###.#...#.)........
*,**,,,......!...................
*,****,#####.###.###.........#...
*,* *,* #,#Z#.#.#.##..#.#.#...
*,* *,*****,#.#.#S#........†....
*,* *,,,,,,,#...Z.#.##..#####...
*,* *,*****,#.W@..#......,,,....
*,* *,* *,#######..#.###**#...
,,****,* *,,,,,,,!.##.# #.#.
,,,,,,,* ****,*,*.#*#.# #.#.
******** *,,,,,* *,* ###. ***,***
*,* *, *,* *,* *, *,* *,* *, ***
*** **


You could see a wraith, 2 goblin zombies and a friendly ball python.

Vanquished Creatures
  A scorpion (D:4)
  2 oozes
  2 worms (D:2)
  2 dart slugs
  2 giant geckos
  An orc (D:3)
  7 bats
  3 giant cockroaches
  2 gnoll zombies (Ossuary)
  4 goblins
  8 hobgoblins
  9 jackals
  10 kobolds
  5 giant newts
  A goblin zombie (Ossuary)
  2 hobgoblin zombies (Ossuary)
  9 rats
70 creatures vanquished.

Vanquished Creatures (collateral kills)
  A scorpion (D:4)
  A mummy (Ossuary)
  2 adders
  A worm (D:2)
  An orc (D:3)
  A kobold (D:3)
  A goblin zombie (Ossuary)
  A hobgoblin zombie (Ossuary)
  A rat (D:2)
10 creatures vanquished.

Grand Total: 80 creatures vanquished

Notes
Turn   | Place    | Note
--------------------------------------------------------------
     0 | D:1      | Geppetto the Octopode Transmuter began the quest for the Orb.
     0 | D:1      | Reached XP level 1. HP: 13/13 MP: 3/3
   316 | D:1      | Reached skill level 1 in Stealth
   316 | D:1      | Reached XP level 2. HP: 16/18 MP: 3/5
   436 | D:1      | Learned a level 2 spell: Sticks to Snakes
   662 | D:1      | Reached XP level 3. HP: 21/23 MP: 4/6
  1891 | D:2      | Reached XP level 4. HP: 27/28 MP: 7/7
  3726 | D:4      | Reached XP level 5. HP: 34/34 MP: 8/8
  3729 | D:4      | Noticed a phantom
  3798 | D:3      | Learned a level 3 spell: Spider Form
  4165 | D:4      | Reached skill level 4 in Unarmed Combat
  4190 | D:4      | Found a sand-covered staircase.
  4201 | Ossuary  | Entered an ossuary
  4201 | Ossuary  | Noticed a wraith
  4201 | Ossuary  | Noticed a wraith
  4201 | Ossuary  | Noticed a wraith
  4288 | Ossuary  | Noticed a wraith
  4339 | D:4      | Slain by a wraith

Vault maps used:
D:1:      dpeg_arrival_windows_large_door, kennysheep_nondescript, st_stairs_9
D:4:      enter_ossuary_4
Ossuary:  ossuary_kennysheep_city_of_the_dead

Skill      XL: |  1  2  3  4  5 |
---------------+----------------+-----
Stealth        | 1 2 3 |  3.1
Transmutations | 3 |  3.7
Fighting       | 2 |  2.0
Unarmed Combat | 4 |  4.1
Dodging        | |  2.0
Spellcasting   | |  2.0

Action                   |  1- 3 |  4- 6 || total
-------------------------+-------+-------++-------
Melee: Unarmed           |    79 |    74 ||   153
       Constrict         |    24 |    15 ||    39
       Kick              |    20 |    15 ||    35
       Tentacles         |    14 |    17 ||    31
       Punch             |     2 |     3 ||     5
 Cast: Beastly Appendage |    26 |    28 ||    54
       Sticks to Snakes  |     7 |    45 ||    52
  Use: Scroll            |     5 |     7 ||    12
       Potion            |       |     5 ||     5
 Stab: Sleeping          |     6 |    12 ||    18
       Distracted        |       |     1 ||     1
  Eat: Chunk             |     4 |     7 ||    11
       Bread ration      |       |     1 ||     1
Armor: Skin              |     8 |     4 ||    12
Dodge: Dodged            |    47 |    40 ||    87
